 Dungeon Crawl Stone Soup version 0.29.1-2-gbd0b4ee654 (webtiles) character file.

Game seed: 13044962093250245321

111 xian the Shooter (level 4, -1/26 HPs)
             Began as a Tengu Hunter on Nov 2, 2022.
             Slain by a hound (2 damage)
             ... on level 4 of the Dungeon.
             The game lasted 00:05:10 (2911 turns).

xian the Shooter (Tengu Hunter)                     Turns: 2911, Time: 00:05:11

Health: -1/26      AC:  3    Str: 14    XL:     4   Next: 92%
Magic:  5/5        EV: 12    Int:  9    God:
Gold:   171        SH:  0    Dex: 17    Spells: 3/3 levels left

rFire   . . .      SeeInvis .   a - +0 shortbow
rCold   . . .      Faith    .   (shield currently unavailable)
rNeg    . . .      Spirit   .   g - +0 leather armour
rPois   .          Reflect  .   (helmet restricted)
rElec   .          Harm     .   (no cloak)
rCorr   .          Rampage  .   (no gloves)
Will    .....                   (boots unavailable)
Stlth   ++........              (no amulet)
HPRegen 0.08/turn               (no ring)
MPRegen 0.09/turn               (no ring)

@: no status effects
A: beak, talons 3
a: no special abilities


You were on level 4 of the Dungeon.
You visited 1 branch of the dungeon, and saw 4 of its levels.

You collected 219 gold pieces.
You spent 48 gold pieces at shops.

Inventory:

Hand Weapons
 a - a +0 shortbow (weapon)
 l - a +0 short sword of electrocution
Armour
 g - a +0 leather armour (worn)
Wands
 n - a wand of roots (7)
 p - a wand of charming (7)
Scrolls
 b - a scroll of immolation
 d - 3 scrolls of amnesia
 h - 2 scrolls of magic mapping
 i - 2 scrolls of enchant weapon {unknown}
 k - 4 scrolls of identify {unknown}
 o - 2 scrolls of vulnerability {unknown}
 q - a scroll of teleportation {unknown}
Potions
 c - 2 potions of degeneration {unknown}
 e - 2 potions of heal wounds {unknown}
 f - 4 potions of haste {unknown}
 j - a potion of curing {unknown}
 m - 4 potions of resistance {unknown}


   Skills:
 + Level 2.3 Fighting
 + Level 6.3 Ranged Weapons
 + Level 0.3 Armour
 + Level 2.4 Dodging
 + Level 1.0 Stealth


You had 3 spell levels left.
You didn't know any spells.
Your spell library contained the following spells:

 Spells                   Type           Power      Damage    Failure   Level
 Blade Hands              Tmut           0%         N/A       100%        5
 Irradiate                Conj/Tmut      0%         3d11      100%        5
 Dragon Form              Tmut           0%         N/A       100%        7


Dungeon Overview and Level Annotations

Branches:
Dungeon (4/15)             Temple (0/1) D:4

Altars:

Shops:
D:2 *


Innate Abilities, Weirdness & Mutations

You have a beak for a mouth.
You have claws for feet.


Message History

The ufetubus hits you. The ufetubus misses you.
The ufetubus closely misses you. x2
The ufetubus hits you but does no damage.
The ufetubus hits you. The quokka closely misses you.
The ufetubus barely misses you. The ufetubus completely misses you.
The quokka attacks as you move away! The quokka closely misses you.
The ufetubus hits you. The ufetubus barely misses you.
The ufetubus attacks as you move away! The ufetubus closely misses you.
The ufetubus barely misses you. The quokka attacks as you move away!
The quokka bites you.
The ufetubus hits you but does no damage.
The ufetubus misses you.
A hound comes into view.
The hound barks!
The ufetubus closely misses you.
The ufetubus hits you but does no damage.
The ufetubus attacks as you move away! The ufetubus hits you.
The ufetubus closely misses you.
A goblin comes into view. It is wielding a +0 club.
The ufetubus barely misses you. x2; The hound barely misses you.
You are too injured to fight recklessly!
You are too injured to fight recklessly!
You are too injured to fight recklessly!
Unknown command.
As you read the scroll labelled SANA JOQOPUSO, it crumbles to dust.
It is a scroll of amnesia.
You feel forgetful for a moment. The ufetubus hits you.
* * * LOW HITPOINT WARNING * * *
The ufetubus barely misses you. The hound barely misses you.
The quokka twitches its whiskers.
As you read the scroll labelled DIALACH CABB, it crumbles to dust.
You feel aware of your surroundings.
It was a scroll of magic mapping.
The ufetubus hits you.
* * * LOW HITPOINT WARNING * * *
The ufetubus barely misses you. The hound bites you.
* * * LOW HITPOINT WARNING * * *
The ufetubus barely misses you.
The ufetubus hits you but does no damage.
The hound bites you.
You die...

,,,**********,*,>* *,,#....>..
,*,,,,,,,,,,,,#..# *,,#.######
,,,********,**#..#*##**,,#.# *,**
*,,,....,.,,,,,#.# *,*
****#.g#.#***,*#.# ## *,*
#..#.****,*#.# #. ,,*
*.....,,,,*#.# #. #.**
*#h#.#*****#.# #. ,..* #@#.#
##.#####. !#.#* #5#.# #........
....* #r#.# #..###### #.#.#*#####
#g#.# #..## .....##.†.## #.#.#
#...#
.#.#.....#.#####.#.#######..#####
.....#...#...............#.......
.>.#):.#.........#...........####
.....#......############..#..#


You could see a hound, an ufetubus, a quokka, a hobgoblin and a goblin
(wandering).

Vanquished Creatures
  2 adders (D:2)
  2 worms
  4 dart slugs
  2 orcs
  6 bats
  8 endoplasms
  5 giant cockroaches
  7 hobgoblins
  2 jackals (D:4)
  4 quokkas (D:1)
  9 ball pythons
  A frilled lizard (D:2)
  4 goblins
  9 kobolds
  6 rats
71 creatures vanquished.

Notes
Turn   | Place    | Note
-------+----------+-------------------------------------------
     0 | D:1      | xian the Tengu Hunter began the quest for the Orb.
     0 | D:1      | Reached XP level 1. HP: 12/12 MP: 2/2
   156 | D:1      | Reached XP level 2. HP: 17/17 MP: 3/3
   270 | D:1      | Reached skill level 5 in Ranged Weapons
   349 | D:1      | Reached XP level 3. HP: 21/21 MP: 4/4
   951 | D:2      | Found Ferox's Assorted Antiques.
   958 | D:2      | Bought a scroll labelled NUGIAF SERGH for 24 gold pieces
   958 | D:2      | Bought a scroll labelled DIALACH CABB for 24 gold pieces
  1169 | D:2      | Found a faded altar of an unknown god.
  1353 | D:2      | Reached XP level 4. HP: 25/26 MP: 5/5
  1403 | D:2      | Reached skill level 6 in Ranged Weapons
  2882 | D:4      | Found a staircase to the Ecumenical Temple.
  2911 | D:4      | HP: 1/26 [hound (4)]
  2911 | D:4      | Slain by a hound

Illustrated notes

Levels and vault maps discovered:
D:1:      psy_arrival_fountain, layout_loops_ring
D:2:      minmay_skewed_foursquare, layout_basic, serial_shops, shop,
          hellmonk_ecumenical_altar_arch_garden
D:3:      layout_basic, amcnicky_mini_corridor_feature
D:4:      layout_loops_ring, minmay_temple_entry_sparse_star

Skill      XL: |  1  2  3  4 |
---------------+-------------+-----
Ranged Weapons | 5 6 |  6.3
Fighting       | |  2.3
Armour         | |  0.3
Dodging        | |  2.4
Stealth        | |  1.0

Action                   |  1- 3 |  4- 6 || total
-------------------------+-------+-------++-------
 Fire: Shortbow          |    93 |    65 ||   158
  Use: Scroll            |       |     2 ||     2
Armor: Leather armour    |     8 |    13 ||    21
Dodge: Dodged            |    29 |    50 ||    79
